 Dungeon Crawl Stone Soup version 0.21-a0-522-ga8338f0 (webtiles) character file.

738 slep the Chopper (level 7, 0/61 HPs)
             Began as a Minotaur Fighter on Dec 7, 2017.
             Slain by a centaur (3 damage)
             ... on level 5 of the Dungeon.
             The game lasted 00:09:55 (3168 turns).

slep the Chopper (Minotaur Fighter)                 Turns: 3168, Time: 00:09:56

Health: 0/61       AC:  8    Str: 20    XL:     7   Next: 46%
Magic:  0/6        EV:  8    Int:  5    God:
Gold:   187        SH: 10    Dex: 12    Spells: 6/6 levels left

rFire    . . .     SeeInvis .   a - +0 war axe
rCold    . . .     Gourm    .   c - +0 shield
rNeg     . . .     Faith    .   b - +0 scale mail
rPois    .         Spirit   +   (helmet restricted)
rElec    .         Reflect  .   (no cloak)
rCorr    .         Harm     .   A - +0 pair of gloves
MR       .....                  (no boots)
Stlth    ..........             v - amulet of guardian spirit
HPRegen  0.20/turn              (no ring)
MPRegen  0.10/turn              (no ring)

@: no status effects
A: retaliatory headbutt, horns 2
a: no special abilities


You were on level 5 of the Dungeon.
You were hungry.

You visited 2 branches of the dungeon, and saw 6 of its levels.

You collected 187 gold pieces.

Inventory:

Hand Weapons
 a - a +0 war axe (weapon)
 s - a cursed -3 trident
Missiles
 w - 4 tomahawks of returning (quivered)
Armour
 b - a +0 scale mail (worn)
 c - a +0 shield (worn)
 A - a +0 pair of gloves (worn)
Jewellery
 v - an amulet of guardian spirit (around neck)
 E - a +3 ring of evasion {unknown}
Wands
 x - a wand of acid (6)
 B - a wand of digging (13)
 D - a wand of clouds (4)
 H - a wand of paralysis (14)
Scrolls
 h - 2 scrolls of remove curse {unknown}
 i - 2 scrolls of fog {unknown}
 k - 4 scrolls of teleportation {unknown}
 m - a scroll of noise {unknown}
 r - a scroll of magic mapping {unknown}
 t - a scroll of blinking {unknown}
 u - 6 scrolls of identify {unknown}
 y - 2 scrolls of amnesia {unknown}
 C - a scroll of enchant weapon {unknown}
Potions
 d - a potion of might
 e - a potion of agility {unknown}
 l - a potion of brilliance {unknown}
 n - a potion of cancellation {unknown}
 o - a potion of berserk rage {unknown}
 p - a potion of curing {unknown}
 z - a potion of heal wounds {unknown}
 F - 2 potions of invisibility {unknown}
 G - a potion of flight {unknown}
 I - a potion of resistance {unknown}
Comestibles
 f - 4 bread rations
 g - 6 fruits
 j - 5 meat rations
 q - 3 royal jellies


   Skills:
 + Level 5.3 Fighting
 + Level 7.0 Axes
 + Level 1.1 Throwing
 + Level 5.3 Armour
 + Level 1.6 Dodging
 + Level 0.3 Stealth
 + Level 5.1 Shields


You had 6 spell levels left.
You didn't know any spells.

Dungeon Overview and Level Annotations

Branches:
Dungeon (5/15)             Temple (1/1) D:4

Altars:
Ashenzari
Cheibriados
Dithmenos
Elyvilon
Gozag
Hepliaklqana
Makhleb
Qazlal
Ru
Sif Muna
Trog
Uskayaw
Vehumet
Wu Jian
Xom
Zin
The Shining One


Innate Abilities, Weirdness & Mutations

You reflexively headbutt those who attack you in melee.
You have a pair of horns on your head.


Message History

The centaur wields an uncursed shortbow.
The centaur shoots an arrow.
You block the arrow.
The centaur shoots an arrow.
The arrow hits you.
* * * LOW HITPOINT WARNING * * *
The centaur shoots an arrow.
The arrow barely misses you.
You see here an arrow.
You slash the jelly!
Your hands burn!
* * * LOW HITPOINT WARNING * * *
The jelly is almost dead.
You block the jelly's attack.
You hit the jelly.
You kill the jelly!
Your Axes skill increases to level 7!
The centaur shoots an arrow.
You block the arrow.
Your shield and scale mail prevent you from hitting the centaur.
You headbutt the centaur, but do no damage.
The centaur is heavily wounded.
The centaur unwields an uncursed shortbow.
The centaur hits you.
You die...

........# ........#
........# ........#
#.....# #.....######
#(.....# #.c....#
#..@...# #..(...###
######........# #
.......)...(#.# .#
######......#.#
#.###
.........(#.#§...§#
..###...?.(#.#.....#
#.####.(...._...
..#.###....#.....


You could see a centaur.

Vanquished Creatures
  Sigmund (D:2)
  A phantom (D:5)
  An ogre (D:4)
  A howler monkey (D:5)
  A jelly (D:5)
  3 orc priests
  An orc wizard (D:2)
  A worker ant (D:5)
  A hound zombie (D:5)
  2 river rats (D:3)
  7 adders
  2 worms (D:2)
  4 dart slugs
  5 leopard geckos
  12 orcs
  A ball python (D:3)
  6 bats
  4 giant cockroaches
  5 hobgoblins
  4 jackals (D:3)
  2 quokkas
  5 frilled lizards
  9 goblins
  7 kobolds
  8 rats
94 creatures vanquished.

Notes
Turn   | Place    | Note
-------+----------+-------------------------------------------
     0 | D:1      | slep the Minotaur Fighter began the quest for the Orb.
     0 | D:1      | Reached XP level 1. HP: 19/19 MP: 0/0
   156 | D:1      | Reached XP level 2. HP: 27/27 MP: 1/1
   526 | D:2      | Reached XP level 3. HP: 33/34 MP: 2/2
   546 | D:2      | Reached skill level 3 in Axes
   546 | D:2      | Reached XP level 4. HP: 21/41 MP: 3/3
   638 | D:2      | Noticed Sigmund
   643 | D:2      | Killed Sigmund
   643 | D:2      | Reached skill level 4 in Axes
   643 | D:2      | Reached skill level 1 in Dodging
   643 | D:2      | Reached XP level 5. HP: 27/47 MP: 4/4
   648 | D:2      | Found a shattered altar of Ashenzari.
   787 | D:2      | Reached skill level 5 in Axes
   787 | D:2      | Reached XP level 6. HP: 51/55 MP: 5/5
  1408 | D:3      | Found a hazy altar of Hepliaklqana.
  1517 | D:3      | Reached skill level 5 in Fighting
  1876 | D:3      | Reached skill level 1 in Throwing
  1970 | D:3      | Reached skill level 5 in Armour
  2171 | D:4      | Reached skill level 5 in Shields
  2223 | D:4      | Reached XP level 7. HP: 35/61 MP: 6/6
  2493 | D:4      | Found a staircase to the Ecumenical Temple.
  2502 | Temple   | Entered the Ecumenical Temple
  2915 | D:4      | Found a shimmering altar of Xom.
  2958 | D:5      | Entered Level 5 of the Dungeon
  2966 | D:5      | Reached skill level 6 in Axes
  3049 | D:5      | Found a snail-covered altar of Cheibriados.
  3131 | D:5      | Found a stormy altar of Qazlal.
  3166 | D:5      | HP: 2/61 [acid (3)]
  3167 | D:5      | Reached skill level 7 in Axes
  3168 | D:5      | Slain by a centaur

Vault maps used:
D:1:      lordsloth_arrival_two_stooges, interstate_on_off,
          kennysheep_another_room, nrook_mini_vaults, palyth_stone_intersect
D:2:      cheibrodos_pilgrimage, evilmike_ruin_ashenzari, uniq_sigmund
D:3:      lemuel_round_altar, gup_sewer_entry_spiral, first_bread,
          kennysheep_generic_room_8
D:4:      kennysheep_little_box, minmay_temple_entry_statues_pillars,
          minmay_misc_feat_plants
D:5:      grunt_qazlal_clouds, nicolae_overflow_crystal_walls,
          lemuel_round_altar
Temple:   hc_temple_tempest_star

Skill      XL: |  1  2  3  4  5  6  7 |
---------------+----------------------+-----
Fighting       | 4 5 |  5.3
Armour         | 4 5 |  5.3
Shields        | 4 5 |  5.1
Axes           | 3 4 5 7 |  7.0
Dodging        | 1 |  1.6
Throwing       | 1 |  1.1
Stealth        | |  0.3

Action                   |  1- 3 |  4- 6 |  7- 9 || total
-------------------------+-------+-------+-------++-------
Melee: War axe           |    34 |   147 |    47 ||   228
       Headbutt          |     6 |    14 |     6 ||    26
Throw: Tomahawk          |       |     6 |       ||     6
  Eat: Chunk             |       |     4 |     3 ||     7
Armor: Scale mail        |    15 |    56 |    17 ||    88
Dodge: Dodged            |     8 |    47 |    15 ||    70
Block: Shield            |    17 |    70 |    31 ||   118

Table legend:
 A = Spawn XP
 B = Non-spawn XP
 C = Spawn XP percentage of total XP
 D = Spawn monster count
 E = Non-spawn monster count
 F = Spawn count percentage of total count
 G = Total turns spent on level
                    A         B        C        D         E        F      G
               +---------+---------+-------+---------+---------+-------+---------
         Total |       0 |    1055 |   0.0 |       0 |      94 |   0.0 |  3168
               +---------+---------+-------+---------+---------+-------+---------
           D:1 |       0 |      27 |   0.0 |       0 |      15 |   0.0 |   490
           D:2 |       0 |     380 |   0.0 |       0 |      28 |   0.0 |   879
           D:3 |       0 |     187 |   0.0 |       0 |      36 |   0.0 |   765
           D:4 |       0 |     160 |   0.0 |       0 |       5 |   0.0 |   441
           D:5 |       0 |     301 |   0.0 |       0 |      10 |   0.0 |   210
               +---------+---------+-------+---------+---------+-------+---------
